 Dungeon Crawl Stone Soup version 0.26-a0-665-gefeb406119 (webtiles) character file.

Game seed: 7312695446494918118

9 miscthings the Sneak (level 2, 0/27 HPs)
             Began as a Palentonga Delver on Oct 16, 2020.
             Killed by divine providence
             ... invoked by an orc priest
              (14 damage)
             ... on level 3 of the Dungeon.
             The game lasted 00:00:58 (421 turns).

miscthings the Sneak (Palentonga Delver)             Turns: 421, Time: 00:00:59

Health: 0/27       AC:  4    Str: 15    XL:     2   Next: 6%
Magic:  2/2        EV:  9    Int: 10    God:
Gold:   0          SH:  0    Dex: 11    Spells: 1/1 levels left

rFire    . . .     SeeInvis +   a - +0 hand axe
rCold    . . .     Faith    .   (no shield)
rNeg     . . .     Spirit   .   b - +0 leather armour
rPois    .         Reflect  .   (no helmet)
rElec    .         Harm     .   (no cloak)
rCorr    .         Rampage  .   (no gloves)
MR       .....                  (no barding)
Stlth    ++........             (no amulet)
HPRegen  0.09/turn              (no ring)
MPRegen  0.08/turn              (no ring)

@: no status effects
A: large, rugged brown scales 3, see invisible, deformed body, roll, armoured
tail
a: Rolling Charge


You were on level 3 of the Dungeon.
You visited 1 branch of the dungeon, and saw 3 of its levels.

Inventory:

Hand Weapons
 a - a +0 hand axe (weapon)
Armour
 b - a +0 leather armour (worn)
Wands
 g - a wand of digging (3)
Scrolls
 c - a scroll of fog
 d - 2 scrolls of magic mapping
 e - a scroll of identify {unknown}
Potions
 f - a potion of haste
 h - a potion of curing {unknown}


   Skills:
 - Level 3.0 Fighting
 + Level 2.8 Axes
 - Level 1.5 Dodging
 - Level 3.3 Stealth


You had one spell level left.
You didn't know any spells.
Your spell library was empty.

Dungeon Overview and Level Annotations

Branches:
Dungeon (5/15)
 Temple: D:4-7

Altars:

Annotations:
D:4 Dowan, Duvessa


Innate Abilities, Weirdness & Mutations

You are completely covered in rugged brown scales. (AC +3, +7% HP)
You have supernaturally acute eyesight. (SInv)
Armour fits poorly on your strangely shaped body.
You can roll at foes to attack.
You have a long armoured tail.


Message History

Roll where?
Press: ? - help, Dir - move target cursor, f - frilled lizard
Aim: a frilled lizard You roll forward with a clatter of scales!
You hit the frilled lizard.
You kill the frilled lizard!
You hear a shout! x6
An orc and an orc priest come into view.
The orc priest shouts! 3 orcs come into view.
The orc shouts!
The orc priest mumbles some strange prayers to Beogh against you.
Pain shoots through your body!
The orc moves out of view.
The orc priest invokes the aid of Beogh against you.
Beogh smites you!
Found a leather armour.
The orc priest mumbles some strange prayers to Beogh against you.
Beogh smites you!
Ouch! That really hurt!
You die...

.....#### #
#.......##.##
#.##........o
#####.##.##.##.# #
#...........#..##.#
#.###.#.>##....o. ###
##.###.#..##o##.##....
.......>......o.o..#
##.##.##......@o##
#.......#####...#
#.......# #...#
#.##.##.# #...# .. #.
#.# #...# . # #.#
#...# #.# #.[.# #...#


You could see an orc priest and 4 orcs.

Vanquished Creatures
  An ufetubus (D:4)
  A leopard gecko (D:3)
  A frilled lizard (D:3)
  A giant cockroach zombie (D:5)
  A quokka skeleton (D:4)
5 creatures vanquished.

Notes
Turn   | Place    | Note
-------+----------+-------------------------------------------
     0 | D:5      | miscthings the Palentonga Delver began the quest for the
                  | Orb.
     0 | D:5      | Reached XP level 1. HP: 20/20 MP: 1/1
    21 | D:5      | Noticed a sky beast
    22 | D:5      | Noticed an iguana
    78 | D:5      | Noticed a phantom
    97 | D:4      | Noticed a scorpion
    99 | D:4      | Noticed a hound
   131 | D:4      | Noticed Dowan
   400 | D:4      | Noticed Duvessa
   410 | D:3      | Reached XP level 2. HP: 27/27 MP: 2/2
   421 | D:3      | Killed from afar by an orc priest

Illustrated notes

Levels and vault maps discovered:
D:3:      layout_loops_cross
D:4:      layout_basic, serial_shops, shop, shop, shop, uniq_duvessa
D:5:      layout_basic, grunt_temple_overflow_diamond

Action                   || total
-------------------------++-------
Melee: Hand axe          ||    10
       Tailslap          ||     1
 Abil: Rolling Charge    ||     2
  Use: Scroll            ||     1
Armor: Leather armour    ||     8
Dodge: Dodged            ||     6

Table legend: (Time is in decaauts)
 A = Elapsed time spent in this place.
 B = Non-inter-level travel time spent in this place.
 C = Inter-level travel time spent in this place.
 D = Time resting spent in this place.
 E = Time spent auto-exploring this place.
 F = Levels seen in this place.
 G = Mean time per level.
                   A        B        C        D        E       F      G
               +--------+--------+--------+--------+--------+-----+--------+
         Total |    422 |    422 |      0 |    266 |      8 |   3 |  140.7 |
       Dungeon |    422 |    422 |      0 |    266 |      8 |   3 |  140.7 |
               +--------+--------+--------+--------+--------+-----+--------+

Top non-repeatable levels by time:
     D:4: 304 daAuts
     D:5: 98 daAuts
     D:3: 20 daAuts
